[Event "M.Chigorin Memorial 2013"]
[Site "St. Petersburg"]
[Date "2013.10.12"]
[Round "8.2"]
[White "Kokarev, Dmitry"]
[Black "Khismatullin, Denis"]
[Result "1/2-1/2"]
[ECO "C95"]
[WhiteElo "2611"]
[BlackElo "2656"]
[PlyCount "93"]
[EventDate "2013.10.05"]
[TimeControl "6000+880"]
[WhiteClock "0:16:31"]
[BlackClock "0:31:33"]

1. e4 e5 2. Nf3 Nc6 3. Bb5 a6 4. Ba4 Nf6 5. O-O Be7 6. Re1 b5 7. Bb3 d6 8. c3
O-O 9. h3 Nb8 10. d4 Nbd7 11. Nbd2 Bb7 12. Bc2 Re8 13. Nf1 Bf8 14. Ng3 g6 15.
a4 c5 16. d5 c4 17. Bg5 h6 18. Be3 Qc7 19. Qd2 h5 20. Ra3 Nc5 21. Rea1 Bg7 22.
Qc1 Nfd7 23. axb5 axb5 24. Rxa8 Rxa8 25. Rxa8+ Bxa8 26. Qa1 Bb7 27. Ne2 Nf6 28.
Nd2 Kh7 29. Qa7 Bh6 30. Bxh6 Kxh6 31. h4 Kg7 32. Ng3 Nfd7 33. Ngf1 Qb6 34. Qa3
Nf6 35. Ne3 Bc8 36. Qa1 Bd7 37. g3 Ng4 38. Ndf1 Nf6 39. Nd2 Bg4 40. Qe1 Qa7 41.
Kf1 Bh3+ 42. Kg1 Ng4 43. Nxg4 Bxg4 44. Kg2 Qa2 45. Qb1 Qxb1 46. Nxb1 Bd7 47.
Kf3 1/2-1/2

[Event "M.Chigorin Memorial 2013"]
[Site "St. Petersburg"]
[Date "2013.10.12"]
[Round "8.3"]
[White "Zhigalko, Andrey"]
[Black "Areshchenko, Alexander"]
[Result "0-1"]
[ECO "B90"]
[WhiteElo "2615"]
[BlackElo "2714"]
[PlyCount "66"]
[EventDate "2013.10.05"]
[TimeControl "6000+1725"]
[WhiteClock "0:00:58"]
[BlackClock "0:00:55"]

1. e4 c5 2. Nf3 d6 3. d4 cxd4 4. Nxd4 Nf6 5. Nc3 a6 6. Be3 e5 7. Nb3 Be6 8. h3
Be7 9. f4 exf4 10. Bxf4 Nc6 11. Qe2 Nd7 12. O-O-O Nce5 13. Kb1 O-O 14. Nd4 Rc8
15. Qe3 Re8 16. g4 Bf8 17. g5 b5 18. h4 Qa5 19. Qe1 b4 20. Nxe6 fxe6 21. Ne2
Qc7 22. Nd4 Nc4 23. Bc1 d5 24. Qe2 Nc5 25. Bg2 Na4 26. exd5 g6 27. Rh3 Bg7 28.
dxe6 Na3+ 29. bxa3 bxa3 30. Qf3 Rb8+ 31. Ka1 Qb6 32. Bxa3 Bxd4+ 33. Rxd4 Qb1#
0-1

[Event "M.Chigorin Memorial 2013"]
[Site "St. Petersburg"]
[Date "2013.10.12"]
[Round "8.4"]
[White "Zhigalko, Sergei"]
[Black "Solak, Dragan"]
[Result "1/2-1/2"]
[ECO "C41"]
[WhiteElo "2683"]
[BlackElo "2611"]
[PlyCount "143"]
[EventDate "2013.10.05"]
[TimeControl "6000+1380"]
[WhiteClock "0:28:43"]
[BlackClock "0:02:50"]

1. e4 d6 2. d4 Nf6 3. Nc3 e5 4. Nf3 Nbd7 5. Bc4 Be7 6. O-O Nb6 7. Be2 exd4 8.
Qxd4 O-O 9. a4 a5 10. b3 Ng4 11. h3 Bf6 12. Qd3 Ne5 13. Nxe5 Bxe5 14. f4 Bf6
15. Ba3 Re8 16. Bf3 Bd7 17. Rad1 Bc6 18. Nb5 Nd7 19. Kh1 Qb8 20. Qc4 Nb6 21.
Qd3 Nd7 22. Rde1 Nf8 23. e5 dxe5 24. Bxf8 e4 25. Bxe4 Bxe4 26. Rxe4 Rxf8 27.
Qd7 Rd8 28. Qxc7 Qxc7 29. Nxc7 Rac8 30. Rfe1 h5 31. Re8+ Kh7 32. Rxd8 Rxd8 33.
Re2 h4 34. Kh2 Kg6 35. g4 hxg3+ 36. Kxg3 Kf5 37. Ne8 Bc3 38. Re3 Bb2 39. Re7 b6
40. Kf3 g5 41. Rxf7+ Ke6 42. Rb7 Rxe8 43. Rxb6+ Kf7 44. fxg5 Bd4 45. Rd6 Bc5
46. Rc6 Be3 47. h4 Bd2 48. Rd6 Bb4 49. Rf6+ Kg7 50. h5 Re1 51. h6+ Kg8 52. Kg4
Bd2 53. Rf5 Kh7 54. Rf7+ Kg8 55. h7+ Kh8 56. g6 Re8 57. g7+ Kxh7 58. Rf8 Re4+
59. Kf3 Kxg7 60. Rd8 Rf4+ 61. Kg3 Bc1 62. Rd5 Rf7 63. Rxa5 Rc7 64. c4 Rb7 65.
Rb5 Rxb5 66. axb5 Kf6 67. Kf3 Ke5 68. b6 Kd6 69. c5+ Kc6 70. b4 Ba3 71. b5+ Kb7
72. c6+ 1/2-1/2

[Event "M.Chigorin Memorial 2013"]
[Site "St. Petersburg"]
[Date "2013.10.12"]
[Round "8.5"]
[White "Korneev, Oleg"]
[Black "Matlakov, Maxim"]
[Result "1/2-1/2"]
[ECO "B85"]
[WhiteElo "2622"]
[BlackElo "2682"]
[PlyCount "149"]
[EventDate "2013.10.05"]
[TimeControl "6000+1900"]
[WhiteClock "0:01:10"]
[BlackClock "0:16:56"]

1. e4 c5 2. Nf3 e6 3. d4 cxd4 4. Nxd4 Nc6 5. Nc3 Qc7 6. Be2 Nf6 7. O-O a6 8.
Be3 Be7 9. f4 d6 10. Qe1 O-O 11. Qg3 Nxd4 12. Bxd4 b5 13. a3 Bb7 14. Kh1 Rad8
15. Rae1 Rd7 16. Bd3 Re8 17. Re2 Qd8 18. Qh3 h6 19. Bg1 e5 20. Nd5 Nxd5 21.
exd5 Bxd5 22. Bf5 Rb7 23. fxe5 Bc4 24. Bd3 Bg5 25. Rd1 Rbe7 26. Bxc4 bxc4 27.
Qg4 Rxe5 28. Rxe5 Rxe5 29. Qxc4 Qa8 30. Qd3 Re6 31. b4 Qc6 32. c4 Qe8 33. b5
axb5 34. cxb5 Be3 35. Re1 Bxg1 36. Rxe6 Qxe6 37. Kxg1 Qe1+ 38. Qf1 Qe3+ 39. Kh1
Qxa3 40. Qb1 Qa7 41. b6 Qb7 42. Qb4 f5 43. h3 f4 44. Kh2 Kh7 45. Qxd6 f3 46.
Qc5 fxg2 47. Qc2+ Kh8 48. Qb3 Kh7 49. Qc2+ Kh8 50. Qb3 Kh7 51. Kg1 Kh8 52. Kf2
Kh7 53. Qc2+ Kh8 54. Qb3 Kh7 55. h4 Kh8 56. h5 Kh7 57. Qc2+ Kh8 58. Qb3 Kh7 59.
Qe6 Kh8 60. Qe8+ Kh7 61. Qg6+ Kh8 62. Qe6 Kh7 63. Qd6 Kh8 64. Qd8+ Kh7 65. Qd3+
Kh8 66. Qd8+ Kh7 67. Qd6 Kh8 68. Qc7 Qe4 69. b7 g1=Q+ 70. Kxg1 Qe1+ 71. Kg2
Qe2+ 72. Kg3 Qe3+ 73. Kg4 Qe4+ 74. Kh3 Qf3+ 75. Kh2 1/2-1/2

[Event "M.Chigorin Memorial 2013"]
[Site "St. Petersburg"]
[Date "2013.10.12"]
[Round "8.6"]
[White "Hovhannisyan, Robert"]
[Black "Zvjaginsev, Vadim"]
[Result "0-1"]
[ECO "C09"]
[WhiteElo "2599"]
[BlackElo "2659"]
[PlyCount "118"]
[EventDate "2013.10.05"]
[TimeControl "6000+1435"]
[WhiteClock "0:12:49"]
[BlackClock "0:27:08"]

1. e4 e6 2. d4 d5 3. Nd2 c5 4. exd5 exd5 5. Ngf3 Nc6 6. Bb5 Qe7+ 7. Qe2 Qxe2+
8. Kxe2 a6 9. Bxc6+ bxc6 10. Re1 f6 11. dxc5 Bxc5 12. Nb3 Be7 13. Be3 Rb8 14.
Kd2 Bg4 15. Nfd4 Rc8 16. f3 Bd7 17. Ne2 c5 18. Nf4 d4 19. Bf2 Kf7 20. c3 Bd6
21. Bg3 dxc3+ 22. bxc3 Ne7 23. Nd5 Nxd5 24. Bxd6 Rhd8 25. c4 Ba4 26. cxd5 Rxd6
27. Kc3 Rxd5 28. Re4 Bb5 29. a4 Bd7 30. Rae1 Kf8 31. R1e2 Bf5 32. R4e3 Rcd8 33.
g4 Bg6 34. h4 h5 35. Rd2 Rxd2 36. Nxd2 hxg4 37. fxg4 Rd4 38. h5 Be8 39. Re4
Rxa4 40. Rxa4 Bxa4 41. Ne4 Bd1 42. g5 fxg5 43. Nxg5 Ke7 44. Ne4 Bxh5 45. Nxc5
a5 46. Ne4 Be8 47. Ng5 Bc6 48. Nh3 Kf6 49. Kc4 Kf5 50. Kc5 Bd7 51. Ng1 Ke4 52.
Ne2 g5 53. Ng3+ Kf3 54. Nh5 g4 55. Kd4 a4 56. Kc3 a3 57. Kb3 Be8 58. Ng7 Bf7+
59. Kxa3 Kf4 0-1

[Event "M.Chigorin Memorial 2013"]
[Site "St. Petersburg"]
[Date "2013.10.12"]
[Round "8.7"]
[White "Kovalenko, Igor"]
[Black "Malakhov, Igor"]
[Result "1/2-1/2"]
[ECO "B30"]
[WhiteElo "2644"]
[BlackElo "2434"]
[PlyCount "153"]
[EventDate "2013.10.05"]
[TimeControl "6000+2210"]
[WhiteClock "0:09:17"]
[BlackClock "0:51:20"]

1. e4 c5 2. Nf3 Nc6 3. Bb5 d6 4. O-O Bd7 5. Re1 Nf6 6. c3 a6 7. Bf1 Bg4 8. d4
cxd4 9. cxd4 e5 10. d5 Nd4 11. Be3 Nxf3+ 12. gxf3 Bd7 13. a4 Be7 14. Na3 O-O
15. Nc4 b5 16. Nb6 Rb8 17. Nxd7 Qxd7 18. axb5 axb5 19. Ra7 Rb7 20. Rxb7 Qxb7
21. Qb3 Ra8 22. Rc1 h6 23. Qc2 b4 24. Qc6 Qb8 25. Ba6 Kh7 26. Bb7 Ra2 27. Qb5
Qe8 28. Qxb4 Nh5 29. Qb3 Ra5 30. Qc3 Ra2 31. Qb3 Ra5 32. Qb6 Ra2 33. Qc6 Qd8
34. Qc8 Qxc8 35. Bxc8 Rxb2 36. Rc7 Bf6 37. Bf5+ g6 38. Rxf7+ Bg7 39. Be6 Rb1+
40. Kg2 Nf4+ 41. Bxf4 exf4 42. Rxf4 Rb7 43. h4 h5 44. e5 Bxe5 45. Rc4 Bf6 46.
Kg3 Kg7 47. f4 Ra7 48. Rc6 Be7 49. f5 gxf5 50. Bxf5 Ra4 51. Rc7 Kf8 52. Rc8+
Kg7 53. Rc7 Kf8 54. f4 Ra3+ 55. Kh2 Rf3 56. Rc4 Bxh4 57. Be6 Kg7 58. Kg2 Rg3+
59. Kf1 Be7 60. Kf2 h4 61. Rc7 Kf6 62. Rc8 Kg7 63. Rg8+ Kf6 64. Re8 Ra3 65. Rh8
Kg7 66. Rg8+ Kf6 67. Rg4 Ra2+ 68. Kg1 h3 69. Rh4 h2+ 70. Kh1 Kg7 71. Rg4+ Kf6
72. Rh4 Kg7 73. Rh3 Rf2 74. Rg3+ Kf6 75. Rg4 Bd8 76. Rh4 Bb6 77. Rxh2 1/2-1/2

[Event "M.Chigorin Memorial 2013"]
[Site "St. Petersburg"]
[Date "2013.10.12"]
[Round "8.8"]
[White "Bernadskiy, Vitaliy"]
[Black "Sjugirov, Sanan"]
[Result "0-1"]
[ECO "E46"]
[WhiteElo "2527"]
[BlackElo "2635"]
[PlyCount "246"]
[EventDate "2013.10.05"]
[TimeControl "6000+1210"]
[WhiteClock "0:01:17"]
[BlackClock "0:06:29"]

1. d4 Nf6 2. c4 e6 3. Nc3 Bb4 4. e3 O-O 5. Nge2 d5 6. a3 Be7 7. Nf4 c6 8. cxd5
exd5 9. Bd3 a5 10. O-O Na6 11. f3 Nc7 12. Bc2 c5 13. Na4 Na6 14. dxc5 Nxc5 15.
Nc3 Be6 16. Nb5 Bd7 17. Nd4 Ne6 18. Nfe2 Qc7 19. Nf5 Bc5 20. Bd2 Nf4 21. Ned4
Ng6 22. Rc1 Qb6 23. b4 axb4 24. axb4 Bxd4 25. Nxd4 Ne5 26. Bb3 Rfe8 27. Qe2 Ba4
28. Bxa4 Rxa4 29. Qb5 Qxb5 30. Nxb5 Nc4 31. Bc3 Nxe3 32. Rfe1 Nf5 33. Bxf6
Rxe1+ 34. Rxe1 gxf6 35. Nc3 Rxb4 36. Nxd5 Rb2 37. Nxf6+ Kg7 38. Nh5+ Kg6 39.
Nf4+ Kg5 40. Re4 b5 41. Nd5 h5 42. g3 Rd2 43. Re5 Kg6 44. Nf4+ Kf6 45. Rxb5 h4
46. Nd5+ Kg6 47. Nf4+ Kf6 48. Nh5+ Ke6 49. Rb6+ Ke5 50. Rb7 Nd4 51. Re7+ Kf5
52. Re3 hxg3 53. Nxg3+ Kf4 54. Nf1 Rd1 55. Kg2 f5 56. Ra3 Ne6 57. Ra4+ Rd4 58.
Ra2 Kg5 59. Kg3 Rd1 60. Rf2 f4+ 61. Kh3 Kf5 62. Nd2 Nd4 63. Nc4 Rc1 64. Nd6+
Ke5 65. Nf7+ Kf6 66. Nh6 Kg5 67. Ng4 Rc3 68. Kg2 Nf5 69. Ne5 Ne3+ 70. Kh3 Rc7
71. Rg2+ Kf5 72. Rg4 Kxe5 73. Rh4 Rc2 74. Rh5+ Kd4 75. Rh4 Ke5 76. Rh5+ Kf6 77.
Rh6+ Kg5 78. Rh5+ Kg6 79. Rh4 Kf5 80. Rh5+ Ke6 81. Rh4 Nd5 82. Kg4 Rg2+ 83. Kh3
Rg8 84. Rh5 Ne3 85. Rh4 Ke5 86. Rh7 Rg1 87. Rh5+ Kf6 88. Rh6+ Rg6 89. Rh4 Ke5
90. Rh8 Rg7 91. Re8+ Kf6 92. Rh8 Kg6 93. Kh4 Kf7 94. Ra8 Kf6 95. Rh8 Nf5+ 96.
Kh3 Ne3 97. Kh4 Kf7 98. Ra8 Ke6 99. Rh8 Nf5+ 100. Kh3 Nd4 101. Rh6+ Kf5 102.
Rh5+ Kf6 103. Rh6+ Ke5 104. Rh5+ Ke6 105. Rh6+ Kd5 106. Rh4 Ne6 107. Rh5+ Kd4
108. Kh4 Rg6 109. Ra5 Ke3 110. Kh5 Nf8 111. Ra3+ Kf2 112. h4 Rg3 113. Ra8 Ne6
114. Kh6 Nd4 115. Rf8 Kxf3 116. h5 Ke4 117. Re8+ Kf5 118. Rf8+ Ke5 119. Re8+
Ne6 120. Rf8 f3 121. Rf7 Nf4 122. Re7+ Kf6 123. Rg7 Rh3 0-1

[Event "M.Chigorin Memorial 2013"]
[Site "St. Petersburg"]
[Date "2013.10.12"]
[Round "8.9"]
[White "Alekseev, Evgeny"]
[Black "Raznikov, Danny"]
[Result "1-0"]
[ECO "E16"]
[WhiteElo "2707"]
[BlackElo "2486"]
[PlyCount "77"]
[EventDate "2013.10.05"]
[TimeControl "6000+2525"]
[WhiteClock "0:05:28"]
[BlackClock "0:00:43"]

1. d4 Nf6 2. c4 e6 3. Nf3 b6 4. g3 Bb7 5. Bg2 Bb4+ 6. Bd2 Bxd2+ 7. Qxd2 O-O 8.
O-O d6 9. Nc3 Ne4 10. Nxe4 Bxe4 11. Qe3 Bb7 12. Qd3 f5 13. Ne1 Bxg2 14. Nxg2
Qf6 15. Qf3 c6 16. Rfd1 d5 17. Rac1 Nd7 18. Qa3 Rfc8 19. Nf4 g5 20. Nd3 Qxd4
21. cxd5 cxd5 22. Nc5 Qg7 23. Nxe6 Qe5 24. Qe7 Nc5 25. Qxg5+ Kh8 26. Nd4 Rf8
27. e3 Rf7 28. b4 Ne4 29. Qf4 Qxf4 30. exf4 a5 31. f3 Nd6 32. Nc6 axb4 33. Rxd5
Nb7 34. Nxb4 Nc5 35. Rc2 Re7 36. Rxf5 Re1+ 37. Kg2 Rb1 38. Nd5 Nd3 39. Kh3 1-0

[Event "M.Chigorin Memorial 2013"]
[Site "St. Petersburg"]
[Date "2013.10.12"]
[Round "8.10"]
[White "Romanov, Evgeny"]
[Black "Givon, Asaf"]
[Result "1-0"]
[ECO "A48"]
[WhiteElo "2654"]
[BlackElo "2445"]
[PlyCount "61"]
[EventDate "2013.10.05"]
[TimeControl "6000+1125"]
[WhiteClock "0:24:35"]
[BlackClock "0:00:34"]

1. d4 Nf6 2. Nf3 g6 3. Bg5 Bg7 4. c3 O-O 5. Nbd2 d6 6. e4 c5 7. dxc5 dxc5 8.
Be2 Nc6 9. h3 Qc7 10. O-O Rd8 11. Qc2 h6 12. Be3 b6 13. Nc4 Nh5 14. Rfe1 Nf4
15. Bf1 g5 16. a4 Be6 17. Bxf4 Qxf4 18. Ne3 h5 19. Rad1 Rxd1 20. Qxd1 Rd8 21.
Nd5 Bxd5 22. exd5 Ne5 23. Nxe5 Bxe5 24. g3 Qf6 25. Qe2 Bd6 26. Qxh5 Kg7 27. Bd3
Qh6 28. Qg4 Kh8 29. Qf5 Qg7 30. Re4 Rg8 31. Rh4+ 1-0

[Event "M.Chigorin Memorial 2013"]
[Site "St. Petersburg"]
[Date "2013.10.12"]
[Round "8.11"]
[White "Akkozov, Berik"]
[Black "Khairullin, Ildar"]
[Result "0-1"]
[ECO "E11"]
[WhiteElo "2384"]
[BlackElo "2651"]
[PlyCount "158"]
[EventDate "2013.10.05"]
[TimeControl "6000+1505"]
[WhiteClock "0:02:02"]
[BlackClock "0:01:38"]

1. d4 Nf6 2. c4 e6 3. Nf3 Bb4+ 4. Nbd2 O-O 5. a3 Be7 6. e3 c5 7. dxc5 a5 8. e4
Bxc5 9. e5 Ng4 10. Ne4 Qb6 11. Bd3 Bxf2+ 12. Kf1 d5 13. h3 dxe4 14. hxg4 Rd8
15. Qe2 Rxd3 16. Rh3 Be3 17. Ne1 Bxc1 18. Nxd3 exd3 19. Qxd3 Bh6 20. g5 Nd7 21.
Rd1 Qxb2 22. Re1 Bxg5 23. Qxh7+ Kf8 24. Qh8+ Ke7 25. Qxg7 Bf4 26. Rh7 Bxe5 27.
Qxf7+ Kd6 28. Rd1+ Bd4 29. Rh4 e5 30. Rdxd4+ Qxd4 31. Rxd4+ exd4 32. Qd5+ Kc7
33. g4 Ra6 34. c5 Rc6 35. Qxd4 Rxc5 36. Qf4+ Ne5 37. g5 Kb6 38. Qf6+ Nc6 39.
Ke1 Rf5 40. Qb2+ Ka7 41. g6 Re5+ 42. Kf2 Be6 43. g7 Bg8 44. Qc3 Re7 45. Kg3 Kb6
46. Kh2 Kb5 47. Kg1 Ka4 48. Kf2 Rd7 49. Ke1 Ne7 50. Qh3 Rd4 51. Qe3 Rd7 52. Qh3
Rd4 53. Qe3 Nc6 54. Qh3 Rd8 55. Qg3 Bb3 56. Qc7 Re8+ 57. Kd2 Re7 58. Qg3 Bg8
59. Qf4+ Kxa3 60. Kc3 Rxg7 61. Qf8+ Re7 62. Qxg8 Re3+ 63. Kd2 Rb3 64. Qf8+ Nb4
65. Qa8 b6 66. Qb8 Nd3 67. Qd8 Ka2 68. Qg8 a4 69. Kd1 b5 70. Qg2+ Ka1 71. Qd5
b4 72. Kc2 Rc3+ 73. Kd2 a3 74. Kd1 a2 75. Qg2 Rc1+ 76. Kd2 Rc2+ 77. Kd1 Rc1+
78. Kd2 Kb1 79. Qe4 Rc3 0-1

[Event "M.Chigorin Memorial 2013"]
[Site "St. Petersburg"]
[Date "2013.10.12"]
[Round "8.12"]
[White "Burmakin, Vladimir"]
[Black "Yagupov, Igor"]
[Result "1-0"]
[ECO "A06"]
[WhiteElo "2581"]
[BlackElo "2432"]
[PlyCount "53"]
[EventDate "2013.10.05"]
[TimeControl "6000+1185"]
[WhiteClock "0:27:51"]
[BlackClock "0:07:54"]

1. Nf3 d5 2. c4 c6 3. e3 Nf6 4. Nc3 e6 5. b3 Bd6 6. Bb2 O-O 7. Be2 e5 8. d3 a6
9. O-O Qe7 10. Nd2 Be6 11. d4 e4 12. c5 Bc7 13. b4 Nbd7 14. a4 b6 15. cxb6 Nxb6
16. Ba3 Bd6 17. Nb3 Bxb4 18. Bxb4 Qxb4 19. Qc2 Nbd7 20. a5 Qd6 21. Na4 Bg4 22.
Nbc5 Bxe2 23. Qxe2 Qc7 24. Rfb1 Rfb8 25. Rxb8+ Nxb8 26. Rb1 g6 27. Rb7 1-0